Map: Void Thrashing

Players

Chronoshift

  • Race: Terran Terran

NamroodTuo

  • Race: Zerg Zerg

VOD

Have the link to the VOD?

Description

Time

  • Played on: April 6, 2023, 4:16 p.m.
  • Length: 18:17
Show
View Real Time Build Order
Export as new Build Order

Chronoshift Terran 

Build Orders:  

Get SALT Encoding   

  12  0:03  SCV  
  13  0:20  SCV  
  13  0:27  Refinery  
  14  0:37  SCV  
  15  0:44  Refinery  
  15  0:54  SCV  
  16  1:11  SCV  
  17  1:28  SCV  
  18  1:44  SCV  
  19  1:52  Command Center  
  19  2:01  SCV  
  20  2:18  SCV  
  21  2:22  Gunslingers Hideout  
  21  2:35  SCV  
  22  2:52  SCV  
  23  3:01  Unknown, Tychus  
  23  3:07  Engineering Bay  
  23  3:09  Engineering Bay, SCV  
  24  3:31  SCV  
  25  3:48  SCV  
  25  3:49  Command Center  
  26  4:03  SCV  
  26  4:05  SCV  
  27  4:20  SCV  
  28  4:22  SCV  
  28  4:29  Refinery  
  30  4:33  Outlaw Weapons Level 1  
  30  4:34  Outlaw Life and Armor Level 1  
  30  4:36  SCV  
  30  4:39  SCV  
  32  4:45  Refinery  
  32  4:53  SCV  
  32  4:56  SCV  
  34  5:10  SCV  
  34  5:13  SCV  
  36  5:27  SCV  
  36  5:29  SCV  
  38  5:44  SCV  
  38  5:46  SCV  
  40  6:00  Unknown, James Sirius Sykes  
  40  6:01  SCV  
  40  6:03  SCV  
  52  6:13  Muscle Armory  
  52  6:18  SCV  
  52  6:19  Fixers Safehouse  
  53  6:20  SCV  
  53  6:25  Medivac Platform  
  54  6:35  SCV  
  55  6:50  Outlaw Weapons Level 2  
  55  6:51  Outlaw Life and Armor Level 2  
  55  6:59  SCV  
  56  7:16  SCV  
  57  7:33  SCV  
  58  7:50  SCV  
  59  8:39  Kel-Morian Ripper Rounds, Vanadium Shell  
  59  9:10  ITC-E Triggers  
  59  9:11  Endurance Supplements  
  59  9:32  Unknown, Kev Rattlesnake West  
  69  10:39  Outlaw Weapons Level 3  
  69  10:41  Outlaw Life and Armor Level 3  
  69  11:36  KD9a Implosion Core  
  69  11:37  SA-55 Thunderbolt Missiles  
  69  11:40  D99 Detonator  
  69  12:08  Unknown, Nux  
  79  13:57  Outlaw Weapons Level 4  
  79  13:58  Outlaw Life and Armor Level 4  
  79  15:10  Unknown, Miles Blaze Lewis  
Show
View Real Time Build Order
Export as new Build Order

NamroodTuo Zerg 

Build Orders:  

Get SALT Encoding   

  12  0:22  Infested Barracks  
  12  0:30  Infested SCV  
  12  0:39  Overlord  
  13  0:45  Infested SCV  
  14  0:52  Infested SCV  
  15  1:05  Infested SCV  
  15  1:07  Infested SCV  
  17  1:11  Infested SCV  
  18  1:35  Infestation Level 1  
  18  1:39  Infested SCV  
  19  1:50  Overlord  
  19  1:54  Infested SCV  
  20  2:07  Infested Refinery  
  20  2:09  Infested SCV  
  21  2:26  Infested Engineering Bay  
  21  2:47  Infested SCV  
  21  2:48  Infested SCV  
  23  2:59  Infested SCV  
  24  3:03  Infested Refinery  
  24  3:19  Overlord  
  24  3:29  Infested SCV  
  25  3:55  Infested Marine x5  
  25  3:56  Infested Marine x9  
  39  4:06  Infestation Level 2  
  39  4:12  Overlord x2  
  39  4:22  Infested Factory  
  39  5:22  Infested SCV x2  
  39  5:23  Infested SCV x3  
  40  5:30  Stukov Infantry Weapons Level 1  
  40  5:31  Infested Command Center  
  30  6:06  Anaerobic Enhancement  
  30  6:11  Infested Bunker  
  34  6:54  Infested Bunker  
  38  7:06  Broodling Gestation  
  38  7:13  Infested Missile Turret  
  38  7:19  Infested Barracks Tech Lab  
  38  7:33  Infested SCV x2  
  40  7:41  Infested Missile Turret  
  40  7:49  Infested SCV x2  
  42  7:50  Infested SCV x2  
  42  7:53  Infested SCV  
  45  8:01  Infested SCV  
  45  8:02  Infested SCV  
  45  8:06  Infested SCV  
  48  8:10  Stukov Infantry Armor Level 1  
  52  8:40  Infested Bunker  
  52  8:44  Infested SCV x3  
  52  8:48  Infested SCV  
  52  8:49  Infested SCV x2  
  58  9:41  Infested Armory  
  58  9:45  Retinal Augmentation  
  58  9:47  Infested SCV  
  63  10:02  Infested Bunker  
  63  10:06  Infested Refinery  
  63  10:07  Infested SCV x3, Infested Refinery  
  63  10:08  Infested SCV x2  
  68  10:26  Overlord  
  68  10:50  Stukov Infantry Weapons Level 2  
  72  11:01  Infested Bunker  
  72  11:09  Unknown, Overseer x2  
  68  11:10  Overseer x2  
  72  11:23  Infestation Level 3  
  72  11:25  Plagued Munitions  
  76  11:50  Infested Missile Turret  
  76  11:53  Infested Bunker  
  76  12:05  Overlord x5  
  76  12:06  Overlord  
  76  12:52  Infested Barracks  
  80  13:07  Infested Bunker  
  84  13:16  Infested Missile Turret  
  84  13:47  Infested Barracks  
  88  13:57  Infested Bunker  
  88  14:00  Regenerative Plating  
  88  14:01  Stukov Vehicle and Ship Weapons Level 1  
  88  14:13  Infested SCV  
  88  14:14  Infested Factory, Aggressive Incubation  
  89  14:33  Infested Marine  
  89  14:34  Infested Marine x16  
  89  14:35  Infested Marine x10  
  112  15:00  Stukov Infantry Armor Level 2  
  116  15:10  Infested Bunker  
  116  15:19  Infested Barracks  
  93  16:30  Infested Bunker  
  93  16:32  Overlord  
  93  16:33  Overlord x9  
  93  16:34  Infested Bunker  
  97  16:46  Infested Colonist Compound  
  97  16:53  Infested Marine  
  97  16:54  Infested Marine x22  
  97  16:55  Infested Marine x6  
  126  17:25  Infested Marine  
  126  17:26  Infested Marine x6  
  126  17:27  Infested Marine x17  
  126  17:28  Infested Marine  
Tags
 
Commander
StukovTychus
Matchup
Co-op
Replay Pack
Multiplayer
Add a new tag
Caveats
  • Supply blocks, unpowered buildings, or Contaminate may cause inaccurate times.
  • Supply counts are checked every 10 seconds.